| TOP OF THE 1ST |
|
Kane County Cougars batting - Pitching for Augusta GreenJackets : RHP Israel Alvarado
|
|
Pitching: RHP Israel Alvarado
|
|
|
Batting: LHB Willie Gutierrez
|
0-0: Ball 1-0: Foul Ball, location: 2F 1-1: Called Strike 1-2: Foul Ball, location: 2F 1-2: Strikes out swinging
|
|
Batting: RHB Franklin Villanueva
|
0-0: Ball 1-0: Ground out 5-3 (Groundball, 56, EV 109.4 MPH)
|
|
Batting: RHB Dave Vargas
|
0-0: Ball 1-0: Fly out, F7 (Flyball, 7LM, EV 88.8 MPH)
|
| Top of the 1st over - 0 runs, 0 hits, 0 errors, 0 left on base; Kane County 0 - Augusta 0 |
| BOTTOM OF THE 1ST |
|
Augusta GreenJackets batting - Pitching for Kane County Cougars : RHP Eric Richards
|
|
Pitching: RHP Eric Richards
|
|
|
Batting: RHB Devin Lowery
|
0-0: Ball 1-0: Ball 2-0: Called Strike 2-1: Fly out, F9 (Flyball, 9D, EV 95.6 MPH)
|
|
Batting: RHB Ian Richardson
|
0-0: Ball 1-0: Ball 2-0: SINGLE (Line Drive, 8LM, EV 97.5 MPH)
|
|
Batting: LHB Gabe Velez
|
0-0: Swinging Strike 0-1: Ball Wild Pitch! Ian Richardson to second 1-1: Called Strike Ian Richardson steals 3rd base 1-2: Foul Ball, location: 2F 1-2: Ball 2-2: Foul Ball, location: 2F 2-2: Ball 3-2: Foul Ball, location: 2F 3-2: Strikes out swinging
|
|
Batting: RHB Doug Kennie
|
0-0: Called Strike 0-1: SINGLE (Line Drive, 4MD, EV 99.4 MPH) Ian Richardson scores
|
|
Batting: RHB Drew Duncan
|
0-0: Ball 1-0: Foul Ball, location: 2F 1-1: Ground out 5-3 (Groundball, 56, EV 107.5 MPH)
|
| Bottom of the 1st over - 1 run, 2 hits, 0 errors, 1 left on base; Kane County 0 - Augusta 1 |
| TOP OF THE 2ND |
|
Kane County Cougars batting - Pitching for Augusta GreenJackets : RHP Israel Alvarado
|
|
Batting: RHB Marlon Reda
|
0-0: Called Strike 0-1: Called Strike 0-2: Ball 1-2: Ball 2-2: Strikes out swinging, 2-3 out at first.
|
|
Batting: LHB T.J. Duvall
|
0-0: Ball 1-0: Called Strike 1-1: Swinging Strike 1-2: Ball 2-2: Ball 3-2: Base on Balls
|
|
Batting: RHB John Pena
|
0-0: Called Strike T.J. Duvall is caught stealing 2nd base 2-4 0-1: Ball 1-1: Ball 2-1: Ball 3-1: Foul Ball, location: 2F 3-2: SOLO HOME RUN (Flyball, 7D, EV 99.4 MPH), Distance : 369 ft
|
|
Batting: RHB Wes Santiago
|
0-0: Foul Ball, location: 2F 0-1: Foul Ball, location: 2F 0-2: Ball 1-2: Strikes out swinging
|
| Top of the 2nd over - 1 run, 1 hit, 0 errors, 0 left on base; Kane County 1 - Augusta 1 |
| BOTTOM OF THE 2ND |
|
Augusta GreenJackets batting - Pitching for Kane County Cougars : RHP Eric Richards
|
|
Batting: RHB Jonathan Reece
|
0-0: Ball 1-0: Ground out 4-3 (Groundball, 4M, EV 101.9 MPH)
|
|
Batting: RHB Juan Flores
|
0-0: Swinging Strike 0-1: Foul Ball, location: 2F 0-2: Foul Ball, location: 2F 0-2: Ball 1-2: Ground out 4-3 (Groundball, 4, EV 90.0 MPH)
|
|
Batting: RHB Gabe Ochoa
|
0-0: Called Strike 0-1: Called Strike 0-2: Hit by Pitch
|
|
Batting: RHB Alfredo Lemus
|
0-0: Called Strike 0-1: Ball 1-1: Ball 2-1: Foul Ball, location: 2F 2-2: Foul Ball, location: 2F 2-2: Strikes out looking
|
| Bottom of the 2nd over - 0 runs, 0 hits, 0 errors, 1 left on base; Kane County 1 - Augusta 1 |
| TOP OF THE 3RD |
|
Kane County Cougars batting - Pitching for Augusta GreenJackets : RHP Israel Alvarado
|
|
Batting: RHB Curt Barrett
|
0-0: Called Strike 0-1: Swinging Strike 0-2: Ball 1-2: Foul Ball, location: 2F 1-2: Foul Ball, location: 2F 1-2: Ground out 5-3 (Groundball, 56, EV 101.9 MPH)
|
|
Batting: LHB Brian Nielsen
|
0-0: Ball 1-0: Foul Ball, location: 2F 1-1: Called Strike 1-2: Ball 2-2: Ball 3-2: Ground out U3 (Groundball, 3S, EV 83.1 MPH)
|
|
Batting: LHB Willie Gutierrez
|
0-0: Ground out 5-3 (Groundball, 56S, EV 91.2 MPH)
|
| Top of the 3rd over - 0 runs, 0 hits, 0 errors, 0 left on base; Kane County 1 - Augusta 1 |
| BOTTOM OF THE 3RD |
|
Augusta GreenJackets batting - Pitching for Kane County Cougars : RHP Eric Richards
|
|
Batting: RHB Devin Lowery
|
0-0: Ball 1-0: Called Strike 1-1: Ball 2-1: Called Strike 2-2: Ground out 5-3 (Groundball, 5, EV 83.8 MPH)
|
|
Batting: RHB Ian Richardson
|
0-0: Called Strike 0-1: Ball 1-1: Ball 2-1: Ground out 5-3 (Groundball, 5S, EV 70.0 MPH)
|
|
Batting: LHB Gabe Velez
|
0-0: Ball 1-0: DOUBLE (Flyball, 8RXD, EV 104.4 MPH)
|
|
Batting: RHB Doug Kennie
|
0-0: Ball 1-0: DOUBLE (Groundball, 5L, EV 94.4 MPH) Gabe Velez scores
|
|
Batting: RHB Drew Duncan
|
0-0: Ball 1-0: Foul Ball, location: 2F 1-1: Ball 2-1: Ball 3-1: Foul Ball, location: 2F 3-2: Strikes out looking
|
| Bottom of the 3rd over - 1 run, 2 hits, 0 errors, 1 left on base; Kane County 1 - Augusta 2 |
| TOP OF THE 4TH |
|
Kane County Cougars batting - Pitching for Augusta GreenJackets : RHP Israel Alvarado
|
|
Batting: RHB Franklin Villanueva
|
0-0: Called Strike 0-1: Ball 1-1: Ground out 2-3 (Groundball, 2R, EV 70.6 MPH)
|
|
Batting: RHB Dave Vargas
|
0-0: Ball 1-0: Ball 2-0: Swinging Strike 2-1: Ground out 6-3 (Groundball, 6, EV 85.6 MPH)
|
|
Batting: RHB Marlon Reda
|
0-0: Called Strike 0-1: Ball 1-1: Foul Ball, location: 2F 1-2: SINGLE (Flyball, 7LS, EV 91.9 MPH)
|
|
Batting: LHB T.J. Duvall
|
0-0: Ball 1-0: Ball 2-0: Ball 3-0: Base on Balls Marlon Reda to second
|
|
Batting: RHB John Pena
|
0-0: Ball 1-0: Ball 2-0: Called Strike 2-1: Ground out 4-3 (Groundball, 4, EV 88.8 MPH)
|
| Top of the 4th over - 0 runs, 1 hit, 0 errors, 2 left on base; Kane County 1 - Augusta 2 |
| BOTTOM OF THE 4TH |
|
Augusta GreenJackets batting - Pitching for Kane County Cougars : RHP Eric Richards
|
|
Batting: RHB Jonathan Reece
|
0-0: Called Strike 0-1: Swinging Strike 0-2: Foul Ball, location: 2F 0-2: Ball 1-2: Ball 2-2: Ball 3-2: Base on Balls
|
|
Batting: RHB Juan Flores
|
0-0: Ball 1-0: Ball 2-0: Ball 3-0: Base on Balls Jonathan Reece to second
|
|
Batting: RHB Gabe Ochoa
|
0-0: Ball 1-0: Foul Ball, location: 2F 1-1: Ball 2-1: Ball 3-1: Swinging Strike 3-2: Foul Ball, location: 2F 3-2: Strikes out swinging Jonathan Reece steals 3rd base (no throw) Batter strikes out. Juan Flores to second
|
|
Batting: RHB Alfredo Lemus
|
0-0: Ball 1-0: Ground out 1-3 (Groundball, P, EV 71.9 MPH)
|
|
Batting: RHB Devin Lowery
|
0-0: Called Strike 0-1: Swinging Strike 0-2: Foul Ball, location: 2F 0-2: Strikes out swinging
|
| Bottom of the 4th over - 0 runs, 0 hits, 0 errors, 2 left on base; Kane County 1 - Augusta 2 |
| TOP OF THE 5TH |
|
Kane County Cougars batting - Pitching for Augusta GreenJackets : RHP Israel Alvarado
|
|
Batting: RHB Wes Santiago
|
0-0: Called Strike 0-1: Ball 1-1: Ball 2-1: Foul Ball, location: 2F 2-2: Strikes out swinging
|
|
Batting: RHB Curt Barrett
|
0-0: Ball 1-0: Ball 2-0: Called Strike 2-1: Foul Ball, location: 2F 2-2: Strikes out swinging
|
|
Batting: LHB Brian Nielsen
|
0-0: Ball 1-0: Called Strike 1-1: Called Strike 1-2: Ball 2-2: Strikes out looking
|
| Top of the 5th over - 0 runs, 0 hits, 0 errors, 0 left on base; Kane County 1 - Augusta 2 |
| BOTTOM OF THE 5TH |
|
Augusta GreenJackets batting - Pitching for Kane County Cougars : RHP Eric Richards
|
|
Batting: RHB Ian Richardson
|
0-0: Ball 1-0: Foul Ball, location: 2F 1-1: Fly out, F8 (Flyball, 8LM, EV 77.5 MPH)
|
|
Batting: LHB Gabe Velez
|
0-0: Foul Ball, location: 2F 0-1: Ball 1-1: Fly out, F6 (Popup, P, EV 81.9 MPH)
|
|
Batting: RHB Doug Kennie
|
0-0: Called Strike 0-1: Called Strike 0-2: Ball 1-2: Ball 2-2: Ball 3-2: Base on Balls
|
|
Pitching: LHP Justin Martin
|
|
|
Batting: RHB Drew Duncan
|
0-0: Called Strike 0-1: Called Strike 0-2: Foul Ball, location: 2F 0-2: Foul Ball, location: 2F 0-2: SINGLE (Groundball, 4M, EV 88.8 MPH) (infield hit) Doug Kennie to second
|
|
Batting: RHB Jonathan Reece
|
0-0: Ball 1-0: Fly out, F8 (Flyball, 8RXD, EV 102.5 MPH)
|
| Bottom of the 5th over - 0 runs, 1 hit, 0 errors, 2 left on base; Kane County 1 - Augusta 2 |
| TOP OF THE 6TH |
|
Kane County Cougars batting - Pitching for Augusta GreenJackets : RHP Israel Alvarado
|
|
Batting: LHB Willie Gutierrez
|
0-0: Swinging Strike 0-1: Foul Ball, location: 2F 0-2: Ball 1-2: Strikes out looking
|
|
Pitching: LHP Travis Stichter
|
|
|
Batting: RHB Franklin Villanueva
|
0-0: Foul Ball, location: 2F 0-1: Ball 1-1: Ball 2-1: SINGLE (Line Drive, 89M, EV 98.8 MPH)
|
|
Batting: RHB Dave Vargas
|
0-0: SINGLE (Line Drive, 9S, EV 91.2 MPH) Franklin Villanueva to second Throwing error, E9 Franklin Villanueva scores Dave Vargas to second
|
|
Batting: RHB Marlon Reda
|
0-0: Ground out 3-1 (Groundball, 34, EV 86.9 MPH) Dave Vargas to third
|
|
Batting: LHB T.J. Duvall
|
0-0: Ball 1-0: Called Strike 1-1: Swinging Strike 1-2: Strikes out swinging
|
| Top of the 6th over - 1 run, 2 hits, 1 error, 1 left on base; Kane County 2 - Augusta 2 |
| BOTTOM OF THE 6TH |
|
Augusta GreenJackets batting - Pitching for Kane County Cougars : LHP Justin Martin
|
|
Batting: RHB Juan Flores
|
0-0: Foul Ball, location: 2F 0-1: Ball 1-1: Fly out, F9 (Flyball, 9, EV 90.6 MPH)
|
|
Batting: RHB Gabe Ochoa
|
0-0: Called Strike 0-1: Swinging Strike 0-2: Strikes out swinging
|
|
Batting: RHB Alfredo Lemus
|
0-0: Ground out 5-3 (Groundball, 56S, EV 80.0 MPH)
|
| Bottom of the 6th over - 0 runs, 0 hits, 0 errors, 0 left on base; Kane County 2 - Augusta 2 |
| TOP OF THE 7TH |
|
Kane County Cougars batting - Pitching for Augusta GreenJackets : LHP Travis Stichter
|
|
Batting: RHB John Pena
|
0-0: Called Strike 0-1: Ball 1-1: Called Strike 1-2: Fly out, F3 (Popup, 3SF, EV 78.1 MPH)
|
|
Batting: RHB Wes Santiago
|
0-0: Ball 1-0: Foul Ball, location: 2F 1-1: Ball 2-1: Ball 3-1: Foul Ball, location: 2F 3-2: Base on Balls
|
|
Batting: RHB Curt Barrett
|
0-0: Ball 1-0: Called Strike 1-1: Ball 2-1: Swinging Strike 2-2: Strikes out swinging
|
|
Pinch Hitting: RHB Jake Hodge
|
0-0: Called Strike 0-1: Ball 1-1: Swinging Strike 1-2: Strikes out swinging
|
| Top of the 7th over - 0 runs, 0 hits, 0 errors, 1 left on base; Kane County 2 - Augusta 2 |
| BOTTOM OF THE 7TH |
|
Augusta GreenJackets batting - Pitching for Kane County Cougars : LHP Justin Martin
|
|
Now at 2B: Jason Rivers
|
|
|
Batting: RHB Devin Lowery
|
0-0: Called Strike 0-1: Ball 1-1: Foul Ball, location: 2F 1-2: Strikes out swinging
|
|
Batting: RHB Ian Richardson
|
0-0: Called Strike 0-1: Ball 1-1: Ground out 4-3 (Groundball, 4, EV 88.1 MPH)
|
|
Batting: LHB Gabe Velez
|
0-0: Ball 1-0: Called Strike 1-1: Foul Ball, location: 2F 1-2: Strikes out swinging, 2-3 out at first.
|
| Bottom of the 7th over - 0 runs, 0 hits, 0 errors, 0 left on base; Kane County 2 - Augusta 2 |
| TOP OF THE 8TH |
|
Kane County Cougars batting - Pitching for Augusta GreenJackets : LHP Travis Stichter
|
|
Pitching: LHP Tommy McCusker
|
|
|
Batting: LHB Willie Gutierrez
|
0-0: Ball 1-0: Ball 2-0: Called Strike 2-1: Foul Ball, location: 2F 2-2: Ball 3-2: Foul Ball, location: 2F 3-2: SINGLE (Groundball, 4MD, EV 98.1 MPH)
|
|
Batting: RHB Franklin Villanueva
|
0-0: Ball 1-0: Called Strike 1-1: Grounds into double play, 5-4-3 (Groundball, 56S, EV 86.2 MPH)
|
|
Batting: RHB Dave Vargas
|
0-0: Swinging Strike 0-1: Reached on error, E3 (Groundball, 34, EV 81.9 MPH)
|
|
Batting: RHB Marlon Reda
|
0-0: Called Strike 0-1: Called Strike Dave Vargas steals 2nd base 0-2: Ball 1-2: Foul Ball, location: 2F 1-2: Fly out, F7 (Flyball, 7D, EV 91.9 MPH)
|
| Top of the 8th over - 0 runs, 1 hit, 1 error, 1 left on base; Kane County 2 - Augusta 2 |
| BOTTOM OF THE 8TH |
|
Augusta GreenJackets batting - Pitching for Kane County Cougars : LHP Justin Martin
|
|
Pitching: RHP Nate Bixler
|
|
|
Batting: RHB Doug Kennie
|
0-0: Ball 1-0: Called Strike 1-1: Called Strike 1-2: Ball 2-2: Ball 3-2: Base on Balls
|
|
Batting: RHB Drew Duncan
|
0-0: Ball 1-0: SINGLE (Groundball, 13S, EV 68.8 MPH) (infield hit) Doug Kennie to second
|
|
Pinch Hitting: LHB Pong-keun Koh
|
0-0: Reached on error, E4 (Groundball, 34D, EV 80.6 MPH) Doug Kennie to third Drew Duncan to second
|
|
Batting: RHB Juan Flores
|
0-0: Swinging Strike 0-1: Foul Ball, location: 2F 0-2: Foul Ball, location: 2F 0-2: Ball 1-2: Grounds into fielders choice 1-2 (Groundball, 15S, EV 69.4 MPH) Drew Duncan to third Pong-keun Koh to second
|
|
Batting: RHB Gabe Ochoa
|
0-0: Swinging Strike 0-1: Swinging Strike 0-2: SINGLE (Groundball, 56, EV 93.8 MPH) Drew Duncan scores Pong-keun Koh to third Juan Flores to second
|
|
Batting: RHB Alfredo Lemus
|
0-0: Grounds into double play, 4-2-3 (Groundball, 34, EV 107.5 MPH)
|
| Bottom of the 8th over - 1 run, 2 hits, 1 error, 2 left on base; Kane County 2 - Augusta 3 |
| TOP OF THE 9TH |
|
Kane County Cougars batting - Pitching for Augusta GreenJackets : LHP Tommy McCusker
|
|
Pitching: LHP Matt Wass
|
|
|
Now in LF: John Whitman
|
|
|
Batting: LHB T.J. Duvall
|
0-0: Ball 1-0: Called Strike 1-1: Called Strike 1-2: Ball 2-2: Strikes out swinging
|
|
Batting: RHB John Pena
|
0-0: Called Strike 0-1: Ball 1-1: Ball 2-1: Foul Ball, location: 2F 2-2: Ground out 4-3 (Groundball, 34, EV 88.1 MPH)
|
|
Batting: RHB Wes Santiago
|
0-0: Ball 1-0: Ball 2-0: Swinging Strike 2-1: Foul Ball, location: 2F 2-2: Ball 3-2: Strikes out swinging
|
| Top of the 9th over - 0 runs, 0 hits, 0 errors, 0 left on base; Kane County 2 - Augusta 3 |
|